 Dungeon Crawl Stone Soup version 0.31-a0-150-g89dc3ad700 (webtiles) character file.

Game seed: 10271463640869883154

190 qw the Shooter (level 5, -2/32 HPs)
             Began as a Gargoyle Hunter on June 8, 2023.
             Killed from afar by an orc wizard (5 damage)
             ... with a puff of flame
             ... on level 4 of the Dungeon.
             The game lasted 00:01:01 (2495 turns).

qw the Shooter (Gargoyle Hunter)                    Turns: 2495, Time: 00:01:01

Health: -2/32      AC:  8    Str: 15    XL:     5   Next: 69%
Magic:  5/5        EV: 11    Int:  9    God:
Gold:   186        SH:  0    Dex: 15    Spells: 4/4 levels left

rFire   . . .        Y - +0 shortbow (flame)
rCold   . . .        (shield currently unavailable)
rNeg    + + .        c - +0 leather armour
rPois   inf          d - +0 helmet
rElec   +            (no cloak)
rCorr   .            (no gloves)
SInv    .            (no boots)
Will    .....        h - amulet of reflection
Stlth   +            f - ring of positive energy
HPRegen 0.25/turn    (no ring)
MPRegen 0.09/turn

%: reflection
@: confused
A: sickness immunity, AC +4, negative energy resistance 1, electricity
resistance, torment resistance 1, petrification resistance
a: no special abilities


You were on level 4 of the Dungeon.
You visited 1 branch of the dungeon, and saw 4 of its levels.

You collected 186 gold pieces.


Innate Abilities, Weirdness & Mutations

You are immune to sickness and miasma.
Your stone body is resilient. (AC +4)
You are immune to poison.
You resist negative energy. (rN+)
You are resistant to electric shocks. (rElec)
You are resistant to unholy torment.
You are immune to petrification.


   Skills:
 + Level 3.4 Fighting
 - Level 6.1 Ranged Weapons
 - Level 1.3 Armour
 - Level 1.5 Dodging
 - Level 1.1 Stealth


You had 4 spell levels left.
You didn't know any spells.
Your spell library was empty.

Inventory:

Hand Weapons
 Y - a +0 shortbow of flaming (weapon)
Armour
 c - a +0 leather armour (worn)
 d - a +0 helmet (worn)
Jewellery
 f - a ring of positive energy (left hand)
 h - an amulet of reflection (around neck)
Scrolls
 a - a scroll of fear {unknown}
Potions
 b - a potion of degeneration {unknown}
 e - a potion of might

Dungeon Overview and Level Annotations

Branches:
Dungeon (4/15)
 Temple: D:4-7

Altars:
Ashenzari
Makhleb
Xom


Message History

You shoot an arrow.
The arrow closely misses the orc wizard.
You shoot an arrow. The arrow hits the orc wizard!
The arrow burns the orc wizard.
The orc wizard is severely wounded.
The endoplasm barely misses you. You block the orc wizard's attack.
An orc comes into view. It is wielding a +0 hand axe.
You shoot an arrow.
The arrow closely misses the orc wizard.
The endoplasm freezes you.
You are frozen.
You shoot an arrow. The arrow barely misses the orc wizard.
The orc wizard gestures at you while chanting.
You are confused.
The endoplasm freezes you.
You are frozen.
The endoplasm hits you. The orc wizard closely misses you.
The orc closely misses you. The orc wizard misses you. The orc misses you.
The endoplasm freezes you.
You are frozen.
The orc wizard hits you but does no damage.
The orc hits you with a +0 hand axe. The endoplasm barely misses you.
The orc hits you with a +0 hand axe.
The orc wizard hits you with a +0 dagger.
The endoplasm hits you but does no damage.
The orc wizard gestures at you while chanting.
You are more confused.
The orc hits you with a +0 hand axe. The endoplasm freezes you.
You are frozen.
The endoplasm closely misses you. The orc wizard closely misses you.
The orc barely misses you.
The orc wizard hits you but does no damage.
The orc closely misses you.
An orc wizard comes into view. It is wielding a +0 dagger.
The endoplasm completely misses you.
The orc wizard gestures at you while chanting.
The puff of flame hits you.
You die...

.>.>.......¤¤¤...## ...#
...#..PPPP..~¤....# ....
#..#........¤~..#...
.....
#...........¤¤..####
#.<....~~¤¤¤¤¤¤.#
####...~¤¤~~¤¤¤.##### #
.........¤[............#
####.............##...).
##########..o@J..#
#.##o#### #.##)# #.##.o
#.##### ... #.# #.#


You could see 2 orc wizards, an orc and an endoplasm.

Vanquished Creatures
  A hound (D:4)
  An iguana (D:4)
  A sleepcap (D:4)
  4 adders
  2 worms
  A dart slug (D:3)
  3 orcs
  8 ball pythons
  4 bats
  7 endoplasms
  A giant cockroach (D:4)
  8 goblins
  2 hobgoblins
  8 kobolds
  2 quokkas (D:1)
  6 frilled lizards
  2 rats (D:2)
61 creatures vanquished.

Notes
Turn   | Place    | Note
-------+----------+-------------------------------------------
     0 | D:1      | qw the Gargoyle Hunter began the quest for the Orb.
     0 | D:1      | Reached XP level 1. HP: 12/12 MP: 1/1
     0 | D:1      | 0 ||| qw: Version: 0.2-a-119-g7aa9181
     0 | D:1      | 0 ||| qw: Game counter: 2880
     0 | D:1      | 0 ||| qw: Always use a shield: true
     0 | D:1      | 0 ||| qw: God list: Okawaru
     0 | D:1      | 0 ||| qw: Allow faded altars: false
     0 | D:1      | 0 ||| qw: Do Orc after D:15 true
     0 | D:1      | 0 ||| qw: Do second Lair branch before Depths: true
     0 | D:1      | 0 ||| qw: Lair rune preference: random
     0 | D:1      | 0 ||| qw: Plans: Normal
     0 | D:1      | 0 ||| PLANNING D:1-11
    89 | D:1      | HP: 3/12 [frozen (4)]
    92 | D:1      | Reached XP level 2. HP: 6/17 MP: 2/2
   670 | D:1      | 670 ||| UPGRADING to amulet of reflection.
   675 | D:1      | 675 ||| DROPPING ring of magical power.
   676 | D:1      | 676 ||| READING scroll labelled XEXKOUHIRY.
   677 | D:1      | 677 ||| READING scroll labelled BURIBA GARU.
   678 | D:1      | 678 ||| DROPPING scroll of butterflies.
   683 | D:2      | 683 ||| STAIRDANCE
   805 | D:2      | Reached XP level 3. HP: 19/21 MP: 3/3
   879 | D:2      | Reached skill level 5 in Ranged Weapons
  1231 | D:2      | 1231 ||| UPGRADING to +0 helmet.
  1236 | D:2      | 1236 ||| READING scroll labelled YFISAEM TICROT.
  1237 | D:2      | 1237 ||| DRINKING 2 emerald potions.
  1473 | D:3      | Reached skill level 3 in Fighting
  1473 | D:3      | Reached XP level 4. HP: 28/28 MP: 4/4
  1652 | D:3      | Found a broken altar of Ashenzari.
  1684 | D:3      | 1684 ||| FLEEEEING.
  1685 | D:3      | 1685 ||| FLEEEEING.
  1686 | D:3      | 1686 ||| FLEEEEING.
  1687 | D:3      | 1687 ||| FLEEEEING.
  2186 | D:3      | 2186 ||| READING scroll labelled ERCHIULLAGA.
  2190 | D:3      | 2190 ||| READING scroll labelled YWKIWA JORYE.
  2235 | D:4      | Found a burning altar of Makhleb.
  2282 | D:4      | Reached XP level 5. HP: 27/32 MP: 5/5
  2349 | D:4      | 2349 ||| UPGRADING to ring of positive energy.
  2357 | D:4      | Reached skill level 6 in Ranged Weapons
  2361 | D:4      | Reached skill level 1 in Armour
  2370 | D:4      | Found a shimmering altar of Xom.
  2492 | D:4      | HP: 6/32 [orc/+0 hand axe (4)]
  2492 | D:4      | HP: 2/32 [frozen (4)]
  2495 | D:4      | Killed from afar by an orc wizard

Levels and vault maps discovered:
D:1:      scummos_arrival_gate, layout_basic, hex_large
D:2:      layout_loops_ring
D:3:      wad_river_or_something, layout_basic, evilmike_ruin_ashenzari
D:4:      layout_loops_cross, mainiacjoe_overflow_chevrons, tgw_xom,
          minmay_temple_entry_mist

Skill      XL: |  1  2  3  4  5 |
---------------+----------------+-----
Ranged Weapons | 5 6 |  6.1
Fighting       | 3 |  3.4
Armour         | 1 |  1.3
Dodging        | |  1.5
Stealth        | |  1.1

Action                     |  1- 3 |  4- 6 || total
---------------------------+-------+-------++-------
   Fire: Shortbow          |   107 |   110 ||   217
    Use: Scroll            |     3 |     2 ||     5
         Potion            |     1 |       ||     1
 Armour: Leather armour    |    22 |    25 ||    47
  Dodge: Dodged            |    24 |    49 ||    73
  Block: Other             |       |    16 ||    16

Table legend:
 A = Non-vault XP
 B = Vault XP
 C = Vault XP percentage of total XP
 D = Non-vault monster count
 E = Vault monster count
 F = Vault count percentage of total count
                 A         B        C        D         E       F
            +---------+---------+-------+---------+---------+-------
      Total |     143 |     129 |  47.4 |      46 |      15 |  24.6
            +---------+---------+-------+---------+---------+-------
        D:1 |      28 |       0 |   0.0 |      17 |       0 |   0.0
        D:2 |      16 |       0 |   0.0 |       8 |       0 |   0.0
        D:3 |      36 |      42 |  53.8 |      13 |       9 |  40.9
        D:4 |      63 |      87 |  58.0 |       8 |       6 |  42.9
            +---------+---------+-------+---------+---------+-------
